 Dungeon Crawl Stone Soup version 0.29-a0-648-g6b26cc9f40 (webtiles) character file.

Game seed: 18261019134254262428

2110 croobank the Covert (level 9, -14/111 HPs)
             Began as a Gnoll Delver on June 20, 2022.
             Was an Initiate of Gozag.
             Killed from afar by a gargoyle (26 damage)
             ... with a stone arrow
             ... on level 7 of the Dungeon.
             The game lasted 00:28:29 (6263 turns).

croobank the Covert (Gnoll Delver)                  Turns: 6263, Time: 00:28:30

Health: -14/111    AC: 24    Str: 10    XL:     9   Next: 28%
Magic:  13/15      EV:  2    Int: 13    God:    Gozag
Gold:   121        SH:  0    Dex: 18    Spells: 2/16 levels left

rFire   . . .      SeeInvis .   p - +3 dagger
rCold   . . .      Faith    .   (no shield)
rNeg    . . .      Spirit   .   (body armour currently unavailable)
rPois   +          Reflect  .   (helmet currently unavailable)
rElec   .          Harm     .   (cloak currently unavailable)
rCorr   .          Rampage  .   (gloves currently unavailable)
Will    .....      NoTele   +   (boots currently unavailable)
Stlth   +++++.....              k - amulet of regeneration
HPRegen 1.08/turn               i - +4 ring of slaying
MPRegen 0.14/turn               (no ring)

@: brilliant, swift (expiring), tree-form, very slightly contaminated, hasted,
very quick
A: stationary, stasis, torment immunity, boosted hp, (fangs 1), strong nose,
distributed training, agile 1
a: Renounce Religion, Potion Petition, Call Merchant, Bribe Branch


You were on level 7 of the Dungeon.
You worshipped Gozag.
Gozag was aware of your devotion.
You were a tree.
You visited 2 branches of the dungeon, and saw 8 of its levels.

You collected 946 gold pieces.
You spent 66 gold pieces at shops.
You paid 759 gold pieces to Gozag.

Inventory:

Hand Weapons
 a - a +0 hand axe
 m - a +0 long sword
 p - a +3 dagger (weapon)
 q - a +0 hunting sling
 w - a +1 dagger of holy wrath
 E - a +0 scimitar
Missiles
 B - 37 poisoned darts (quivered)
Armour
 b - a +0 leather armour
 d - a +0 ring mail
 C - a +0 pair of boots (melded)
 G - a +0 troll leather armour (melded)
Jewellery
 i - a +4 ring of slaying (left branch)
 k - an amulet of regeneration (around neck)
 l - an amulet of guardian spirit
 n - an amulet of the acrobat
Wands
 g - a wand of digging (3)
 D - a wand of iceblast (8)
Scrolls
 c - 2 scrolls of fog
 h - a scroll of silence
 j - 5 scrolls of teleportation
 o - 2 scrolls of enchant armour {unknown}
 r - 3 scrolls of magic mapping
 t - 2 scrolls of blinking {unknown}
 u - 2 scrolls of fear
 y - 2 scrolls of noise {unknown}
 z - a scroll of amnesia
 H - a scroll of vulnerability {unknown}
Potions
 e - 2 potions of curing
 s - 2 potions of flight
 v - a potion of ambrosia
 x - a potion of lignification
 A - a potion of invisibility
 F - 2 potions of mutation


   Skills:
 + Level 7.8 Fighting
 + Level 4.1 Short Blades
 + Level 4.1 Long Blades
 + Level 6.2 Axes
 + Level 4.1 Maces & Flails
 + Level 4.1 Polearms
 + Level 4.1 Staves
 + Level 4.1 Slings
 + Level 4.1 Bows
 + Level 4.1 Crossbows
 + Level 4.1 Throwing
 + Level 4.1 Armour
 + Level 6.2 Dodging
 + Level 10.4 Stealth
 + Level 4.1 Shields
 + Level 4.1 Unarmed Combat
 + Level 4.1 Spellcasting
 + Level 3.3 Conjurations
 + Level 3.3 Hexes
 + Level 3.3 Summonings
 + Level 3.3 Necromancy
 + Level 3.3 Translocations
 + Level 3.3 Transmutations
 + Level 3.3 Fire Magic
 + Level 3.3 Ice Magic
 + Level 3.3 Air Magic
 + Level 3.3 Earth Magic
 + Level 3.3 Poison Magic
 + Level 4.5 Invocations
 + Level 4.1 Evocations


You had 2 spell levels left.
You knew the following spells:

 Your Spells              Type           Power      Damage    Failure   Level
a - Poisonous Vapours     Pois/Air       34%        N/A       8%          2
b - Frozen Ramparts       Ice            34%        1d5       16%         3
c - Olgreb's Toxic Radia  Pois           17%        N/A       45%         4
d - Ensorcelled Hibernat  Hex/Ice        34%        N/A       8%          2
e - Swiftness             Air            17%        N/A       16%         3

Your spell library contained the following spells:

 Spells                   Type           Power      Damage    Failure   Level
 Freeze                   Ice            68%        1d8       5%          1
 Shock                    Conj/Air       68%        1d7       5%          1
 Sting                    Tmut/Pois      68%        1d6       5%          1
 Summon Small Mammal      Summ           68%        N/A       5%          1
 Static Discharge         Conj/Air       17%        N/A       8%          2
 Call Canine Familiar     Summ           17%        N/A       16%         3
 Spider Form              Tmut/Pois      17%        N/A       16%         3
 Summon Guardian Golem    Hex/Summ       17%        N/A       16%         3
 Airstrike                Air            8%         N/A       45%         4
 Anguish                  Hex/Necr       8%         N/A       45%         4
 Fulminant Prism          Conj/Hex       8%         3d7       45%         4
 Hailstorm                Conj/Ice       17%        3d6       45%         4
 Iskenderun's Mystic Bla  Conj/Tloc      17%        2d5       45%         4
 Lee's Rapid Deconstruct  Erth           8%         3d8*      82%         5
 Lightning Bolt           Conj/Air       8%         1d21      82%         5
 Maxwell's Capacitive Co  Air            8%         ∞         100%        8


Dungeon Overview and Level Annotations

Branches:
Dungeon (7/15)             Temple (1/1) D:4

Altars:
Ashenzari
Cheibriados
Dithmenos
Elyvilon
Fedhas
Gozag
Hepliaklqana
Kikubaaqudgha
Makhleb
Nemelex Xobeh
Okawaru
Qazlal
Ru
Sif Muna
Trog
Uskayaw
Vehumet
Wu Jian
Xom
Yredelemnul
Zin
The Shining One

Shops:
D:4 *


Innate Abilities, Weirdness & Mutations

You are a tree.
Your roots penetrate the ground, keeping you stationary.
You cannot be teleported.
You are immune to unholy pain and torment.
Your maximum health is greatly increased.
Your equipment is partially melded.
((You have very sharp teeth.))
Your uncanny sense of smell can sniff out nearby items.
Your experience applies equally to all skills.
You are agile. (Dex +4, Int/Str-1)


Message History

Confirm with . or Enter, or press ? or * to list all spells.
Okay, then.
Casting: Swiftness (dangerous; 16% risk of failure)
Confirm with . or Enter, or press ? or * to list all spells.
Casting: Frozen Ramparts (dangerous; 16% risk of failure)
Press: ? - help, Dir - look around, f - activate You miscast Frozen Ramparts.
You are very lightly contaminated with residual magic.
Nothing appears to happen.
The gargoyle hurls a stone arrow at you.
The stone arrow hits you.
* * * LOW HITPOINT WARNING * * *
[a] - 1020 gold - resistance, might, haste, heal wounds and berserk rage [b] - 290 gold - haste [c] - 630 gold - heal wounds, curing, magic, haste and brilliance Purchase which effect?
You no longer have enough gold to petition Gozag for potion effects.
You feel much better.
You feel better. Magic courses through your body.
You feel as though your hastened speed will last longer.
You feel clever all of a sudden.
Casting: Frozen Ramparts (dangerous; 16% risk of failure)
Confirm with . or Enter, or press ? or * to list all spells.
Okay, then.
Casting: Frozen Ramparts (dangerous; 16% risk of failure)
Confirm with . or Enter, or press ? or * to list all spells.
Casting: Frozen Ramparts (dangerous; 16% risk of failure)
Press: ? - help, Dir - look around, f - activate You feel a surge of power!
You miscast Frozen Ramparts.
Nothing appears to happen.
You start to feel a little slower.
The gargoyle hits you with a +0 flail!
* * * LOW HITPOINT WARNING * * *
You hit the gargoyle.
The gargoyle is heavily damaged.
You hit the gargoyle.
The gargoyle is severely damaged.
The gargoyle hurls a stone arrow at you.
The stone arrow hits you!!
You die...
Your body crumbles into a pile of gold.

#..........####......##.#..
###...≈.......#......##.#.#
..............'...........#
#.###.........<.#......##.#.. #.#
#.....#######.........#.# #.#
####...............##.#.. #.#
#...#######..........### #.#
##.### ###$###.######.# #.#
#..#$##+♣9##8#..# #.#
#####.###.###+.....'###.# #.#
..........# #.......#8#.#####.#
..........# +.................###
>.........##....8........####....
..........##+...........## #####
.....)....#∆#.......#8#.#
..........###+.....+###.#
...........#∆##+.+## #..#


You could see a gargoyle.

Vanquished Creatures
  Grinder (D:4)
  Menkaure (D:7)
  A water moccasin (D:6)
  An orc warrior (D:6)
  A sky beast (D:7)
  2 ogres
  2 kobold brigands
  Blork the orc (D:5)
  3 scorpions
  7 killer bees
  A howler monkey (D:4)
  2 jellies (D:6)
  4 orc priests (D:4)
  3 hounds
  2 iguanas
  4 orc wizards
  3 gnolls
  10 adders
  A shadow imp (D:5)
  2 worms
  2 dart slugs
  8 orcs
  5 ball pythons
  4 endoplasms
  2 giant cockroaches (D:3)
  6 hobgoblins
  2 jackals (D:1)
  3 quokkas
  8 bats
  A frilled lizard (D:1)
  6 goblins
  22 kobolds
  5 rats
126 creatures vanquished.

Notes
Turn   | Place    | Note
-------+----------+-------------------------------------------
     0 | D:5      | Reached skill level 9 in Stealth
     0 | D:5      | croobank the Gnoll Delver began the quest for the Orb.
     0 | D:5      | Reached XP level 1. HP: 23/23 MP: 1/1
    24 | D:5      | Noticed a hound
    74 | D:5      | Reached XP level 2. HP: 19/29 MP: 2/2
    92 | D:5      | Noticed a howler monkey
   410 | D:3      | Found a radiant altar of Vehumet.
   592 | D:2      | Reached XP level 3. HP: 35/35 MP: 3/3
   749 | D:2      | Reached skill level 1 in Invocations
   983 | D:1      | Reached skill level 1 in Short Blades
   983 | D:1      | Reached skill level 1 in Long Blades
   983 | D:1      | Reached skill level 1 in Maces & Flails
   983 | D:1      | Reached skill level 1 in Polearms
   983 | D:1      | Reached skill level 1 in Staves
   983 | D:1      | Reached skill level 1 in Slings
   983 | D:1      | Reached skill level 1 in Bows
   983 | D:1      | Reached skill level 1 in Crossbows
   983 | D:1      | Reached skill level 1 in Throwing
   983 | D:1      | Reached skill level 1 in Armour
   983 | D:1      | Reached skill level 1 in Shields
   983 | D:1      | Reached skill level 1 in Unarmed Combat
   983 | D:1      | Reached skill level 1 in Spellcasting
   983 | D:1      | Reached skill level 1 in Evocations
  1177 | D:1      | Reached XP level 4. HP: 41/41 MP: 5/5
  1741 | D:2      | Reached skill level 1 in Conjurations
  1741 | D:2      | Reached skill level 1 in Hexes
  1741 | D:2      | Reached skill level 1 in Summonings
  1741 | D:2      | Reached skill level 1 in Necromancy
  1741 | D:2      | Reached skill level 1 in Translocations
  1741 | D:2      | Reached skill level 1 in Transmutations
  1741 | D:2      | Reached skill level 1 in Fire Magic
  1741 | D:2      | Reached skill level 1 in Ice Magic
  1741 | D:2      | Reached skill level 1 in Air Magic
  1741 | D:2      | Reached skill level 1 in Earth Magic
  1741 | D:2      | Reached skill level 1 in Poison Magic
  2110 | D:3      | Reached XP level 5. HP: 43/47 MP: 6/6
  2418 | D:3      | Noticed an ogre
  2425 | D:3      | Killed an ogre
  2603 | D:3      | Found a sacrificial altar of Ru.
  2664 | D:4      | Found a sparkling altar of Nemelex Xobeh.
  2664 | D:4      | Found a blossoming altar of Fedhas.
  2678 | D:4      | Found a basalt altar of Yredelemnul.
  2681 | D:4      | Reached XP level 6. HP: 53/53 MP: 8/8
  2703 | D:4      | Reached skill level 5 in Axes
  2703 | D:4      | Reached skill level 5 in Dodging
  2803 | D:4      | Found a staircase to the Ecumenical Temple.
  2816 | Temple   | Entered the Ecumenical Temple
  2938 | Temple   | Became a worshipper of Gozag Ym Sagoz the Greedy
  3019 | D:4      | Reached XP level 7. HP: 22/59 MP: 10/10
  3182 | D:4      | Noticed Grinder
  3197 | D:4      | Paralysed by Grinder for 5 turns
  3204 | D:4      | Killed Grinder
  3254 | D:4      | Found Rarof's General Store.
  3262 | D:4      | Bought a potion of heal wounds for 55 gold pieces
  3262 | D:4      | Bought a potion of degeneration for 11 gold pieces
  3661 | D:5      | Reached skill level 10 in Stealth
  3823 | D:5      | Reached XP level 8. HP: 67/67 MP: 12/12
  4118 | D:5      | Noticed Blork the orc
  4133 | D:5      | Killed Blork the orc
  4168 | D:5      | Learned a level 2 spell: Poisonous Vapours
  4172 | D:5      | Learned a level 3 spell: Frozen Ramparts
  4177 | D:5      | Learned a level 4 spell: Olgreb's Toxic Radiance
  4180 | D:5      | Learned a level 2 spell: Ensorcelled Hibernation
  4259 | D:6      | Gained mutation: Your spells are a little easier to cast,
                  | but a little less powerful. [potion of mutation]
  4259 | D:6      | Gained mutation: You have a pair of small antennae on your
                  | head. [potion of mutation]
  4260 | D:6      | Lost mutation: Your spells are a little easier to cast, but
                  | a little less powerful. [potion of mutation]
  4260 | D:6      | Lost mutation: You have a pair of small antennae on your
                  | head. [potion of mutation]
  4260 | D:6      | Gained mutation: Your magical capacity is low. (-10% MP)
                  | [potion of mutation]
  4260 | D:6      | Gained mutation: You are robust. (+10% HP) [potion of
                  | mutation]
  4261 | D:6      | Lost mutation: Your magical capacity is low. (-10% MP)
                  | [potion of mutation]
  4261 | D:6      | Lost mutation: You are robust. (+10% HP) [potion of
                  | mutation]
  4261 | D:6      | Gained mutation: Armour fits poorly on your strangely
                  | shaped body. [potion of mutation]
  4261 | D:6      | Gained mutation: You possess an exceptional clarity of
                  | mind. [potion of mutation]
  4262 | D:6      | Lost mutation: You possess an exceptional clarity of mind.
                  | [potion of mutation]
  4262 | D:6      | Lost mutation: Armour fits poorly on your strangely shaped
                  | body. [potion of mutation]
  4262 | D:6      | Gained mutation: You are agile. (Dex +4, Int/Str-1) [potion
                  | of mutation]
  5286 | D:7      | Noticed Menkaure
  5300 | D:7      | Killed Menkaure
  5561 | D:6      | Reached XP level 9. HP: 55/72 MP: 14/14
  5691 | D:6      | Learned a level 3 spell: Swiftness
  6180 | D:7      | Found a hide-covered altar of Uskayaw.
  6245 | D:7      | Noticed a gargoyle
  6258 | D:7      | HP: 5/111 [gargoyle/+0 flail (13)]
  6259 | D:7      | HP: 1/111 [gargoyle/stone arrow (5)]
  6263 | D:7      | Killed from afar by a gargoyle

Illustrated notes

Levels and vault maps discovered:
D:1:      lightli_iron_boxes, layout_rooms, minmay_door_square,
          minmay_crystal_water, kennysheep_crisscross
D:2:      layout_loops_corners, minmay_box_of_dots
D:3:      minmay_chambers_of_threes, layout_loops_ring,
          nicolae_ru_path_of_blood, lemuel_tele_altar
D:4:      layout_basic, yredelemnul_altar_generic, jmf_multi_god_temple,
          minmay_temple_entry_proselytizer, serial_shops, shop,
          serial_bayou_ford_a, minmay_goblin_kobold_house, uniq_grinder
D:5:      layout_loops_ring, minmay_misc_feat_secret_circle, uniq_blork_the_orc
D:6:      wander_river, layout_cave_pods, kennysheep_small_circle
D:7:      cheibrodos_statue_roulette, layout_basic,
          lemuel_coloured_pillars_altar, nicolae_inconvenience_store,
          uniq_menkaure
Temple:   regret_index_temple_sphere_string

Skill      XL: |  1  2  3  4  5  6  7  8  9 |
---------------+----------------------------+-----
Stealth        | 10 | 10.4
Invocations    | 1 2 3 4 |  4.5
Short Blades   | 1 2 3 4 |  4.1
Long Blades    | 1 2 3 4 |  4.1
Maces & Flails | 1 2 3 4 |  4.1
Polearms       | 1 2 3 4 |  4.1
Staves         | 1 2 3 4 |  4.1
Slings         | 1 2 3 4 |  4.1
Bows           | 1 2 3 4 |  4.1
Crossbows      | 1 2 3 4 |  4.1
Throwing       | 1 2 3 4 |  4.1
Armour         | 1 2 3 4 |  4.1
Shields        | 1 2 3 4 |  4.1
Unarmed Combat | 1 2 3 4 |  4.1
Spellcasting   | 1 2 3 4 |  4.1
Evocations     | 1 2 3 4 |  4.1
Conjurations   | 1 2 3 |  3.3
Hexes          | 1 2 3 |  3.3
Summonings     | 1 2 3 |  3.3
Necromancy     | 1 2 3 |  3.3
Translocations | 1 2 3 |  3.3
Transmutations | 1 2 3 |  3.3
Fire Magic     | 1 2 3 |  3.3
Ice Magic      | 1 2 3 |  3.3
Air Magic      | 1 2 3 |  3.3
Earth Magic    | 1 2 3 |  3.3
Poison Magic   | 1 2 3 |  3.3
Axes           | 5 6 |  6.2
Dodging        | 5 6 |  6.2
Fighting       | 7 |  7.8

Action                   |  1- 3 |  4- 6 |  7- 9 || total
-------------------------+-------+-------+-------++-------
Melee: Hand axe          |    47 |    20 |       ||    67
       Bite              |     2 |     2 |    22 ||    26
       Dagger            |       |    76 |   229 ||   305
       Punch             |       |       |     6 ||     6
 Fire: Hunting sling     |       |       |     4 ||     4
Throw: Dart              |       |       |     2 ||     2
 Cast: Ensorcelled Hiber |       |       |     2 ||     2
       Swiftness         |       |       |     3 ||     3
       Frozen Ramparts   |       |       |     3 ||     3
Invok: Potion Petition   |       |       |     1 ||     1
  Use: Scroll            |     5 |     3 |     4 ||    12
       Potion            |       |     2 |     8 ||    10
 Stab: Sleeping          |    15 |    11 |     8 ||    34
Armor: Leather armour    |     6 |    25 |    36 ||    67
       Skin              |       |       |     1 ||     1
Dodge: Dodged            |    16 |    65 |   143 ||   224

Table legend: (Time is in decaauts)
 A = Elapsed time spent in this place.
 B = Non-inter-level travel time spent in this place.
 C = Inter-level travel time spent in this place.
 D = Time resting spent in this place.
 E = Time spent auto-exploring this place.
 F = Levels seen in this place.
 G = Mean time per level.
                   A        B        C        D        E       F      G
               +--------+--------+--------+--------+--------+-----+--------+
         Total |   6267 |   5955 |    312 |    579 |   3625 |   8 |  783.4 |
       Dungeon |   6122 |   5832 |    290 |    579 |   3521 |   7 |  874.6 |
        Temple |    144 |    122 |     22 |      0 |    104 |   1 |  144.0 |
               +--------+--------+--------+--------+--------+-----+--------+

Top non-repeatable levels by time:
     D:6: 1424 daAuts
     D:4: 1076 daAuts
     D:2: 918 daAuts
     D:3: 806 daAuts
     D:5: 748 daAuts
     D:7: 614 daAuts
     D:1: 533 daAuts
  Temple: 144 daAuts
